 Dungeon Sprint DCSS version 0.12.2-18-gb8c16a5 (webtiles) character file.

640 Gabry the Protected (level 6, -3/58 HPs)
             Began as a Minotaur Fighter on Aug 22, 2013.
             Slain by a deep troll (6 damage)
             ... in the Dungeon (Sprint I: "Red Sonja").
             The game lasted 00:06:25 (730 turns).

Gabry the Protected (Minotaur Fighter)               Turns: 730, Time: 00:06:25

HP  -3/58        AC 10     Str 20      XL: 6   Next: 99%
MP   2/2         EV  7     Int  5      God:
Gold 128         SH 23     Dex 12      Spells:  0 memorised,  5 levels left

Res.Fire  : . . .   See Invis. : .   a - +0 mace
Res.Cold  : . . .   Warding    : .   b - +0 scale mail
Life Prot.: . . .   Conserve   : .   c - +0 shield
Res.Poison: .       Res.Corr.  : .   (helmet restricted)
Res.Elec. : .       Clarity    : .   (no cloak)
Sust.Abil.: . .     Spirit.Shd : .   (no gloves)
Res.Mut.  : .       Prev.Telep.: +   (no boots)
Res.Rott. : .       Ctrl.Telep.: .   (no amulet)
Saprovore : . . .   Flight     : .   (no ring)
                                     m - +2 ring of protection

@: slightly resistant to hostile enchantments, extremely unstealthy
A: retaliatory headbutt, horns 2
a: no special abilities


You were in the Dungeon.
You were not hungry.

You visited 1 branch You collected 378 gold pieces.
You spent 270 gold pieces at shops.

Inventory:

Hand weapons
 a - a +0,+0 mace (weapon)
 g - a +5,+5 scythe of dragon slaying
 k - a -1,+0 orcish club (quivered)
Armour
 b - a +0 scale mail (worn)
 c - a +0 shield (worn)
Comestibles
 d - a bread ration
Scrolls
 f - a scroll of remove curse
 j - a scroll of blinking
 l - a scroll of enchant weapon I {unknown}
Jewellery
 m - a +2 ring of protection (left hand)
Potions
 e - 2 potions of curing
 h - 2 potions of magic
 i - a potion of speed


   Skills:
 + Level 9.6 Fighting
 + Level 7.0 Maces & Flails
 + Level 10.2 Armour
 + Level 2.1 Dodging
 + Level 9.2 Shields


You had 5 spell levels left.
You didn't know any spells.

Dungeon Overview and Level Annotations

Branches:
Dungeon (1/1)

Altars:
Ashenzari
Cheibriados
Elyvilon
Fedhas
Makhleb
Okawaru
Xom
Yredelemnul

Shops:
D: *

Annotations
D Sonja


Innate Abilities, Weirdness & Mutations

You reflexively headbutt those who attack you in melee.
You have a pair of horns on your head.


Message History

The deep troll claws you.
* * * LOW HITPOINT WARNING * * *
You block the deep troll's attack.
Found four altars.
The giant amoeba jiggles.
You block the deep troll's attack. The deep troll claws you.
* * * LOW HITPOINT WARNING * * *
There is an open door here.
Things that are here:
a robe; the rotting human corpse of Sigmund
There is an open door here.
You see here a giant club.
There is an open door, spattered with blood here.
You see here the goblin skeleton of Ijyb.
There is an open door here.
You block the deep troll's attack. The deep troll claws you.
* * * LOW HITPOINT WARNING * * *
The deep troll claws you.
You die...

################ ##
#<<#..').#..'..#__#
#<.'%J#..'[.#..'^.+
#.T#####'#####%#__#
#.@####..#...#.# ##
#..#_.####..##(#
#..#.....##'#..+
#⌠⌠#_.∩...'..._#
####.....##_.#+#
#_._._###(#
#########.####+#
+(..'$$.$ #(..#####


You could see a deep troll.

Vanquished Creatures
  An elephant slug (D)
  An ogre (D)
  Sigmund (D)
  A jelly (D)
  Ijyb (D)
5 creatures vanquished.

Vanquished Creatures (others)
  A metal gargoyle (D)
1 creature vanquished.

Grand Total: 6 creatures vanquished

Notes
Turn   | Place    | Note
--------------------------------------------------------------
     0 | D        | Gabry, the Minotaur Fighter, began the quest for the Orb.
     0 | D        | Reached XP level 1. HP: 19/19 MP: 0/0
     1 | D        | Noticed Ijyb
     9 | D        | Killed Ijyb
     9 | D        | Reached skill level 4 in Fighting
     9 | D        | Reached skill level 5 in Armour
     9 | D        | Reached skill level 5 in Shields
     9 | D        | Reached XP level 2. HP: 21/27 MP: 0/0
    73 | D        | Noticed an ogre
    78 | D        | Killed an ogre
    78 | D        | Reached skill level 6 in Fighting
    78 | D        | Reached skill level 7 in Armour
    78 | D        | Reached XP level 3. HP: 8/34 MP: 1/1
    78 | D        | Reached XP level 4. HP: 9/41 MP: 1/1
   331 | D        | Noticed Sigmund
   342 | D        | Killed Sigmund
   342 | D        | Reached skill level 8 in Armour
   342 | D        | Reached XP level 5. HP: 42/48 MP: 1/1
   356 | D        | Found a white marble altar of Elyvilon.
   359 | D        | Found a snail-covered altar of Cheibriados.
   373 | D        | Reached skill level 1 in Dodging
   399 | D        | Found a burning altar of Makhleb.
   399 | D        | Found a white marble altar of Elyvilon.
   399 | D        | Found Wegu Tha's General Store.
   399 | D        | Found a basalt altar of Yredelemnul.
   399 | D        | Found a blossoming altar of Fedhas.
   399 | D        | Noticed an elephant slug
   441 | D        | Killed an elephant slug
   441 | D        | Reached skill level 9 in Fighting
   441 | D        | Reached skill level 10 in Armour
   441 | D        | Reached XP level 6. HP: 30/58 MP: 2/2
   451 | D        | Found a burning altar of Makhleb.
   639 | D        | Bought a scroll of remove curse for 36 gold pieces
   639 | D        | Bought a potion of speed for 66 gold pieces
   639 | D        | Bought 2 potions of curing for 48 gold pieces
   639 | D        | Bought a +2 ring of protection for 120 gold pieces
   682 | D        | Noticed Sonja
   699 | D        | Noticed a deep troll
   717 | D        | Found a burning altar of Makhleb.
   717 | D        | Found a shattered altar of Ashenzari.
   717 | D        | Found a shimmering altar of Xom.
   717 | D        | Found an iron altar of Okawaru.
   717 | D        | Noticed a giant amoeba
   720 | D        | Killed a metal gargoyle
   730 | D        | Slain by a deep troll

Action                   |  1- 3 |  4- 6 || total
-------------------------+-------+-------++-------
Melee: Mace              |    11 |    47 ||    58
  Use: Potion            |       |     4 ||     4
